Unix NetHack Version 5.0.0-0 post-release - last build May  4 2026 22:22:43 (774f63e81ad911689b3a0859ea89b322d5daca8d,branch:main).

Game began 2026-05-07 18:50:19, ended 2026-05-07 19:08:12.

Draagus, lawful female dwarven Archeologist

                       ---
                       -v.
                       .*.

Draagus the Field Worker   St:11 Dx:8 Co:13 In:16 Wi:16 Ch:12  Lawful
Dlvl:10 $:106 HP:0(41) Pw:14(14) AC:9  Xp:4 T:1844 

Latest messages:
 The ice vortex touches you!
 You're covered in frost!
 The giant spider bites!
 The giant spider's bite was poisoned!
 The ice vortex touches you!
 You're covered in frost!
 Are you sure you want to pray? [yn] (n) y
 You begin praying to Quetzalcoatl.
 You are surrounded by a shimmering light.
 The ice vortex starts to attack you, but pulls back.
 The giant spider starts to attack you, but pulls back.
 The ice vortex starts to attack you, but pulls back.
 The ice vortex starts to attack you, but pulls back.
 The giant spider starts to attack you, but pulls back.
 The ice vortex starts to attack you, but pulls back.
 The ice vortex starts to attack you, but pulls back.
 The giant spider starts to attack you, but pulls back.
 You finish your prayer.
 You feel that Quetzalcoatl is well-pleased.
 You feel much better.
 You hit the ice vortex.
 The ice vortex engulfs you!
 You are freezing to death!
 You are freezing to death!
 You hit the ice vortex.
 You are freezing to death!
 You are freezing to death!
 You get expelled!
 You hit the ice vortex.
 The ice vortex touches you!
 You're covered in frost!
 The giant spider bites!
 The ice vortex touches you!
 You're covered in frost!
 You hit the ice vortex.
 The ice vortex engulfs you!
 You are freezing to death!
 You hit the ice vortex.
 You are freezing to death!
 You are freezing to death!
 You hit the ice vortex.
 You are freezing to death!
 You hit the ice vortex.
 You are freezing to death!
 You die...
 Do you want your possessions identified? [ynq] (y) y
 Do you want to see your attributes? [ynq] (y) y
 Do you want an account of creatures vanquished? [ynaq] (y) y
 Do you want to see your conduct and achievements? [ynq] (y) y
 Do you want to see the dungeon overview? [ynq] (y) y

Inventory:
 Coins    ('$')
  $ - 106 gold pieces
 Amulets  ('"')
  k - an uncursed amulet of ESP (being worn)
  o - a cursed amulet of restful sleep
 Weapons  (')')
  a - a +2 bullwhip (alternate weapon; not wielded)
 Armor    ('[')
  c - an uncursed +0 fedora (being worn)
  G - an uncursed +0 pair of iron shoes
  b - an uncursed +0 leather jacket (being worn)
 Comestibles  ('%')
  d - 6 uncursed food rations
  C - 2 cursed food rations
 Scrolls  ('?')
  m - 2 uncursed scrolls of amnesia
 Rings    ('=')
  M - an uncursed +1 ring of increase accuracy
 Tools    ('(')
  h - an empty uncursed sack
  L - an empty uncursed sack
  J - an uncursed credit card
  F - a +0 pick-axe (weapon in left hand)
  f - a tinning kit (0:39)
  r - an uncursed towel
  E - an uncursed wax candle
 Gems/Stones  ('*')
  H - 2 uncursed topaz stones
  g - an uncursed touchstone

Draagus the Archeologist's attributes:

Background:
 You were a Field Worker, a level 4 female dwarven Archeologist.
 You were lawful, on a mission for Quetzalcoatl
 who was opposed by Camaxtli (neutral) and Huhetotl (chaotic).
 You were left-handed.
 You were in the Gnomish Mines, on level 10.
 You entered the dungeon 1844 turns ago.
 You had 87 experience points, 73 more were needed to attain level 5.

Basics:
 You had 0 out of 41 hit points.
 You had all 14 energy points (spell power).
 Your armor class was 9.
 Your wallet contained 106 zorkmids.
 Autopickup was off.

Final Characteristics:
 Your strength was 11 (limit:18/100).
 Your dexterity was 8 (limit:20).
 Your constitution was 13 (limit:20).
 Your intelligence was 16 (limit:16).
 Your wisdom was 16 (limit:16).
 Your charisma was 12 (limit:16).

Final Status:
 You were engulfed by the ice vortex.
 You weren't hungry.
 You were unencumbered.
 You were wielding a pick-axe.
 You had basic skill with pick-axe.

Final Attributes:
 You were devoutly aligned.
 You were telepathic.
 You had automatic searching.
 You had infravision.
 You were lucky.
 You are dead.

Miscellaneous:
 You didn't encounter any bones levels.
 Total elapsed playing time was 17 minutes and 52 seconds.

Major events:
 Turn
    1: Draagus the lawful female dwarven Archeologist entered the dungeon
  825: entered the Gnomish Mines
 1164: attained the rank of Field Worker (level 3)
 1844: killed by an ice vortex

You didn't know any spells.

Skills:
 Fighting Skills
   bare handed combat [Unskilled]
   two weapon combat  [Unskilled]
   riding             [Unskilled]
 Weapon Skills
   dagger             [Unskilled]
   knife              [Unskilled]
   pick-axe           [Basic]
   short sword        [Unskilled]
   saber              [Unskilled]
   club               [Unskilled]
   quarterstaff       [Unskilled]
   sling              [Unskilled]
   dart               [Unskilled]
   boomerang          [Unskilled]
   whip               [Basic]
   unicorn horn       [Unskilled]
 Spellcasting Skills
   attack spells      [Unskilled]
   healing spells     [Unskilled]
   divination spells  [Unskilled]
   matter spells      [Unskilled]

Voluntary challenges:
 Character rerolling was not enabled.
 You never genocided any monsters.
 You never polymorphed an object.
 You never changed form.
 You used no wishes.
Achievements:
 You entered the Gnomish Mines.
 You attained the rank of Field Worker.

 The Dungeons of Doom: levels 1 to 2
    Level 1:
       Some fountains.
    Level 2:
       Some fountains.
       Stairs down to The Gnomish Mines.
 The Gnomish Mines: levels 3 to 10
    Level 3:
    Level 4:
    Level 5:
    Level 8:
    Level 10: <- You were here.
       Final resting place for
          you, killed by an ice vortex.


Vanquished creatures:
  a rock mole
  a shrieker
  a gnome leader
  2 dwarves
  a hobbit
  2 giant rats
  a yellow mold
  8 gnomes
  a gnome zombie
  3 jackals
  2 kobolds
  2 goblins
  a sewer rat
  6 grid bugs
  a bat
  4 lichens
  4 newts
41 creatures vanquished.

No species were genocided or became extinct.

Game over:
                       ----------
                      /          \
                     /    REST    \
                    /      IN      \
                   /     PEACE      \
                  /                  \
                  |     Draagus      |
                  |      106 Au      |
                  | killed by an ice |
                  |      vortex      |
                  |                  |
                  |                  |
                  |       2026       |
                 *|     *  *  *      | *
        _________)/\\_//(\/(/\)/\//\/|_)_______

Goodbye Draagus the Archeologist...

You died in The Gnomish Mines on dungeon level 10 with 914 points,
and 106 pieces of gold, after 1844 moves.
You were level 4 with a maximum of 41 hit points when you died.

